 Dungeon Crawl Stone Soup version 0.28.0-1-gb440e238dd (webtiles) character file.

Game seed: 10940961727519158656

842 chmiii the Chucker (level 7, -1/70 HPs)
             Began as a Troll Hunter on Feb 19, 2022.
             Was an Initiate of Yredelemnul.
             Succumbed to zeram's ghost's poison
             ... on level 4 of the Dungeon.
             The game lasted 00:18:51 (3757 turns).

chmiii the Chucker (Troll Hunter)                   Turns: 3757, Time: 00:18:52

Health: -1/70      AC:  4    Str: 21    XL:     7   Next: 67%
Magic:  7/7        EV:  6    Int:  7    God:    Yredelemnul [......]
Gold:   237        SH: 11    Dex: 12    Spells: 6/6 levels left

rFire   . . .      SeeInvis .   (no weapon)
rCold   + . .      Faith    .   y - +0 tower shield
rNeg    . . .      Spirit   .   b - +0 robe
rPois   +          Reflect  .   (helmet restricted)
rElec   .          Harm     .   (no cloak)
rCorr   .          Rampage  .   (gloves unavailable)
Will    .....                   (boots unavailable)
Stlth   +.........              (no amulet)
HPRegen 1.01/turn               C - ring of poison resistance
MPRegen 0.10/turn               B - ring of protection from cold

@: lethally poisoned (-1 -> -6)
A: large, unfitting armour, claws 3, regeneration 1, shaggy fur 1, tough skin 1
a: Renounce Religion, Recall Undead Harvest


You were on level 4 of the Dungeon.
You worshipped Yredelemnul.
Yredelemnul was noncommittal.
You visited 1 branch of the dungeon, and saw 4 of its levels.
You also visited: Sewer.

You collected 237 gold pieces.

Inventory:

Missiles
 c - 3 large rocks (quivered)
 d - 2 throwing nets
 f - 10 poisoned darts
 o - 21 sling bullets
 F - 2 boomerangs
Armour
 b - a +0 robe (worn)
 y - a +0 tower shield (worn)
Jewellery
 B - a ring of protection from cold (right claw)
 C - a ring of poison resistance (left claw)
Scrolls
 a - 4 scrolls of teleportation
 g - a scroll of torment {unknown}
 i - 2 scrolls of vulnerability {unknown}
 j - a scroll of enchant armour {unknown}
 l - a scroll of amnesia {unknown}
 m - 3 scrolls of enchant weapon {unknown}
 n - a scroll of immolation {unknown}
 p - 2 scrolls of blinking {unknown}
 s - a scroll of magic mapping {unknown}
 t - a scroll of summoning {unknown}
 w - a scroll of fog {unknown}
 A - a scroll of identify
Potions
 e - a potion of magic
 h - 2 potions of lignification
 k - a potion of resistance
 q - a potion of brilliance
 r - 2 potions of might
 u - 3 potions of mutation {unknown}
 v - a potion of haste {unknown}
 x - a potion of heal wounds {unknown}
 z - 2 potions of curing {unknown}
 D - a potion of degeneration {unknown}
 E - a potion of invisibility {unknown}


   Skills:
 + Level 4.1 Fighting
 + Level 6.8 Throwing
 - Level 1.5 Dodging
 - Level 0.3 Stealth
 + Level 1.5 Shields
 + Level 2.2 Invocations


You had 6 spell levels left.
You didn't know any spells.
Your spell library was empty.

Dungeon Overview and Level Annotations

Branches:
Dungeon (4/15)              Sewer (visited)
 Temple: D:4-7

Altars:
Makhleb
Yredelemnul

Annotations:
D:4 zeram's ghost, amateur GnSu


Innate Abilities, Weirdness & Mutations

You are too large for most types of armour.
You have claws for hands.
Your natural rate of healing is unusually fast.
You are covered in fur. (AC +1)
You have tough skin. (AC +1)


Message History

Your spectral iron imp is destroyed!
The river rat bites you. The river rat barely misses you. The quokka bites you.
You barely miss zeram's ghost.
Zeram's ghost is moderately damaged.
Zeram's ghost hits you!
* * * LOW HITPOINT WARNING * * *
You block the river rat's attack.
The quokka bites you but does no damage.
You block zeram's ghost's attack.
You barely miss zeram's ghost.
Zeram's ghost is moderately damaged.
The crimson imp disappears in a puff of smoke!
The quokka bites you but does no damage.
You block the river rat's attack. The river rat closely misses you.
Zeram's ghost hits you but does no damage.
You are poisoned.
The river rat barely misses you. The quokka barely misses you.
You block the river rat's attack.
You barely miss zeram's ghost.
Zeram's ghost is moderately damaged.
You feel very sick. You block the river rat's attack.
You block the quokka's attack. Zeram's ghost hits you.
* * * LOW HITPOINT WARNING * * *
You are more poisoned.
The river rat bites you.
* * * LOW HITPOINT WARNING * * *
The river rat bites you.
* * * LOW HITPOINT WARNING * * *
You block the river rat's attack. The quokka bites you.
* * * LOW HITPOINT WARNING * * *
Zeram's ghost mumbles some strange words.
Zeram's ghost blinks!
* * * LOW HITPOINT WARNING * * *
You feel very sick. You block the river rat's attack.
You block the quokka's attack.
Zeram's ghost casts a spell.
You see here a large rock.
You die...
Your body rises from the dead as a mindless zombie.

##### ....#
###.##############
...>#..Z.ZZ......#
###.#.#######'####
###.#Z# #.####
....#Z# #....###
....#Z# ####@#.##
...)#.# #(.'(r..#
.Z.Z#Z# #$.rrr_.#
.Z.Z#.# #$W'....#
..ZZ#Z##########5#.##
....ZZ.....##....###
###.#.#######.####
....#......##+# ####
###.########..# #..#


You could see zeram's ghost (swift), 3 river rats, a white imp (summoned) and a
quokka (summoned).

Vanquished Creatures
  Menkaure (D:4)
  A black bear (D:4)
  A jelly (D:4)
  2 hounds (D:4)
  An iron imp (D:4)
  A hound zombie (D:4)
  4 gnolls (D:4)
  4 adders
  7 river rats (Sewer)
  An adder zombie (D:4)
  3 worms
  A dart slug (D:1)
  5 ball pythons
  8 bats
  2 endoplasms
  3 giant cockroaches
  8 goblins
  6 hobgoblins
  3 jackals (D:3)
  9 kobolds
  5 quokkas
  A frilled lizard (D:1)
  14 rats
91 creatures vanquished.

Vanquished Creatures (collateral kills)
  2 bullfrogs (Sewer)
  2 iron imps (D:4)
  A hound skeleton (D:4)
  2 gnolls (D:4)
  An adder (Sewer)
  A river rat (Sewer)
  3 endoplasms
  A hobgoblin (D:4)
  A quokka (D:3)
  11 ball pythons (Sewer)
  3 frilled lizards (Sewer)
  14 rats (Sewer)
42 creatures vanquished.

Vanquished Creatures (others)
  2 hound zombies (D:4)
  A spectral iron imp (D:4)
  3 ball python zombies (Sewer)
  A gnoll zombie (D:4)
  2 goblin zombies (D:4)
  A hobgoblin zombie (D:4)
  A kobold zombie (D:4)
  3 rat zombies (Sewer)
14 creatures vanquished.

Grand Total: 147 creatures vanquished

Notes
Turn   | Place    | Note
-------+----------+-------------------------------------------
     0 | D:1      | chmiii the Troll Hunter began the quest for the Orb.
     0 | D:1      | Reached XP level 1. HP: 19/19 MP: 0/0
    55 | D:1      | Reached XP level 2. HP: 26/28 MP: 1/1
   100 | D:1      | Reached skill level 4 in Throwing
   530 | D:2      | Reached XP level 3. HP: 35/35 MP: 2/2
  1032 | D:2      | Found a basalt altar of Yredelemnul.
  1040 | D:2      | Became a worshipper of Yredelemnul the Dark
  1374 | D:2      | Reached XP level 4. HP: 44/44 MP: 3/3
  1567 | D:3      | Found a glowing drain.
  1577 | D:3      | Reached * piety under Yredelemnul
  1579 | Sewer    | Entered a sewer
  1655 | Sewer    | Reached skill level 5 in Throwing
  1658 | Sewer    | Reached ** piety under Yredelemnul
  1675 | Sewer    | Reached XP level 5. HP: 36/50 MP: 4/4
  1748 | Sewer    | Reached *** piety under Yredelemnul
  1853 | Sewer    | Reached skill level 6 in Throwing
  1853 | Sewer    | Reached XP level 6. HP: 48/61 MP: 5/5
  2078 | D:3      | Found a faded altar of an unknown god.
  2792 | D:4      | Reached skill level 1 in Invocations
  2792 | D:4      | Reached XP level 7. HP: 56/68 MP: 6/6
  2872 | D:4      | Noticed Menkaure
  2876 | D:4      | Killed Menkaure
  2979 | D:4      | Reached skill level 1 in Shields
  3182 | D:4      | Found a burning altar of Makhleb.
  3702 | D:4      | Found a runed translucent gate.
  3702 | D:4      | Found a runed translucent gate.
  3702 | D:4      | Found a runed translucent gate.
  3702 | D:4      | Noticed zeram's ghost (amateur GnSu)
  3704 | D:4      | Found a basalt altar of Yredelemnul.
  3756 | D:4      | HP: 1/70 [poisoned by zeram's ghost]
  3757 | D:4      | Succumbed to zeram's ghost's poison

Illustrated notes

Levels and vault maps discovered:
D:1:      elethiomel_arrival_quiet, layout_rooms
D:2:      layout_basic, basic_altar, minmay_misc_feat_nine_boxes,
          grunt_ministairs_9, st_stairs_3, chequers_serial_rivers_micro_b,
          chequers_garden
D:3:      layout_loops_cross, gup_sewer_entry_pipe, basic_ecumenical_altar
D:4:      layout_basic, demons_altar, nicolae_yredelemnul_ghost_church,
          uniq_menkaure

Skill      XL: |  1  2  3  4  5  6  7 |
---------------+----------------------+-----
Throwing       | 4 5 6 |  6.8
Fighting       | 2 3 4 |  4.1
Invocations    | 1 2 |  2.2
Shields        | 1 |  1.5
Dodging        | |  1.5
Stealth        | |  0.3

Action                   |  1- 3 |  4- 6 |  7- 9 || total
-------------------------+-------+-------+-------++-------
Melee: Unarmed           |   132 |   131 |    78 ||   341
       Punch             |     1 |     2 |       ||     3
Throw: Large rock        |       |       |    10 ||    10
Invok: Recall Undead Har |       |     1 |       ||     1
       Dark Bargain      |       |     3 |     1 ||     4
  Use: Scroll            |       |     6 |       ||     6
 Stab: Sleeping          |     1 |       |     1 ||     2
       Distracted        |       |     1 |       ||     1
Armor: Robe              |    52 |    50 |    20 ||   122
Dodge: Dodged            |    74 |    67 |    24 ||   165
Block: Tower shield      |       |    42 |    53 ||    95
